Map: 2000 Atmospheres LE

Players

RagnaroK (SHIN) - Winner!

  • Race: Zerg Zerg
  • League: Master

Solar

  • Race: Zerg Zerg
  • League: Master

Event: TSL 8

VOD

Have the link to the VOD?

Description

Time

  • Played on: Dec. 11, 2021, 8:23 a.m.
  • Length: 17:44

All games in this series

Show
View Real Time Build Order
Export as new Build Order

RagnaroK Zerg - Winner!

Build Orders: Hatch First, Zergling Baneling 

Get SALT Encoding   

  12  0:00  Drone  
  13  0:12  Overlord  
  13  0:16  Drone  
  14  0:31  Drone x2  
  16  0:46  Hatchery  
  16  0:50  Drone  
  16  0:53  Drone  
  17  0:58  Drone  
  18  1:07  Extractor  
  17  1:14  Spawning Pool  
  17  1:15  Drone  
  17  1:18  Drone  
  18  1:28  Drone  
  19  1:47  Drone  
  19  1:51  Drone  
  21  1:58  Drone  
  21  2:00  Queen x2  
  27  2:01  Drone  
  27  2:09  Overlord  
  27  2:10  Drone  
  27  2:11  Metabolic Boost  
  28  2:28  Zergling x2  
  28  2:29  Zergling x2  
  30  2:31  Hatchery  
  30  2:33  Drone  
  30  2:35  Drone  
  31  2:42  Queen  
  33  2:45  Drone  
  33  2:51  Baneling Nest  
  33  2:55  Overlord  
  33  3:01  Drone x2  
  33  3:03  Zergling x2  
  36  3:17  Drone, Overlord  
  36  3:18  Drone x4  
  40  3:24  Drone  
  40  3:25  Drone  
  42  3:28  Drone  
  42  3:30  Evolution Chamber  
  42  3:43  Zergling x12  
  42  3:48  Zergling x2  
  49  3:54  Zergling x10  
  54  3:59  Extractor  
  54  4:01  Overlord  
  53  4:03  Zergling x2  
  53  4:05  Zergling x2  
  55  4:11  Baneling x3  
  55  4:12  Baneling x4  
  55  4:13  Zergling x6  
  55  4:16  Overlord  
  58  4:20  Zergling x8  
  58  4:22  Zergling x2  
  63  4:25  Baneling x4  
  62  4:34  Zergling x10  
  62  4:37  Zergling x2  
  60  4:41  Zergling x2  
  60  4:45  Zergling x2  
  60  4:46  Baneling x2  
  60  4:47  Zergling x2  
  60  4:48  Zergling x4  
  60  4:49  Zergling x2  
  60  4:50  Zergling x4  
  60  4:52  Zergling x2  
  64  4:56  Zergling x2  
  64  4:59  Zergling x2  
  63  5:03  Zergling x2  
  62  5:09  Zergling x2  
  62  5:13  Zergling x4  
  63  5:14  Zergling x2  
  63  5:15  Zergling x2  
  63  5:17  Zergling x2  
  63  5:19  Zergling x2  
  58  5:23  Zergling x2  
  58  5:24  Zergling x2  
  58  5:32  Zergling x10, Roach Warren  
  57  5:37  Zerg Missile Weapons Level 1  
  57  5:39  Drone  
  57  5:41  Drone x3  
  57  5:42  Drone  
  61  5:49  Drone  
  62  5:52  Drone  
  62  5:53  Drone  
  58  6:00  Drone x6  
  58  6:03  Drone  
  65  6:06  Extractor  
  65  6:07  Lair  
  64  6:12  Roach x2  
  64  6:14  Drone  
  64  6:16  Roach  
  64  6:17  Roach  
  73  6:19  Baneling  
  73  6:26  Drone  
  73  6:27  Overlord x3  
  73  6:40  Overlord  
  73  6:43  Overlord  
  73  6:46  Drone x8  
  81  6:50  Extractor  
  80  6:54  Roach x2  
  84  7:04  Overlord  
  84  7:06  Drone  
  84  7:08  Spire, Roach x3  
  90  7:09  Drone x3  
  90  7:10  Drone  
  90  7:13  Drone x2  
  96  7:16  Extractor  
  96  7:17  Extractor  
  96  7:22  Drone x4  
  98  7:25  Overseer  
  98  7:28  Glial Reconstitution  
  97  7:31  Overlord  
  97  7:40  Overlord  
  97  7:44  Overlord  
  97  7:46  Drone x2  
  97  7:50  Overlord  
  99  7:51  Overlord  
  99  7:56  Overlord  
  99  8:03  Overlord  
  99  8:05  Drone  
  100  8:08  Drone  
  96  8:21  Mutalisk x8  
  96  8:22  Hatchery  
  96  8:27  Mutalisk  
  109  8:30  Spore Crawler  
  109  8:31  Zergling x8, Spore Crawler x2  
  112  8:40  Mutalisk x2  
  116  8:42  Zergling x8  
  116  8:47  Hatchery  
  120  8:50  Mutalisk x2  
  121  8:57  Mutalisk  
  121  8:59  Overlord  
  123  9:03  Mutalisk  
  123  9:06  Zergling x12  
  131  9:13  Mutalisk, Overlord  
  131  9:14  Mutalisk  
  135  9:22  Mutalisk  
  136  9:24  Zergling x12  
  136  9:25  Zergling x4  
  142  9:31  Mutalisk  
  142  9:34  Zergling x4  
  144  9:39  Zerg Melee Weapons Level 1  
  144  9:40  Drone x3  
  146  9:46  Mutalisk  
  146  9:47  Mutalisk  
  146  9:50  Drone x6  
  146  9:52  Overlord  
  156  9:54  Mutalisk  
  156  9:57  Extractor  
  157  10:00  Extractor  
  157  10:01  Mutalisk  
  157  10:04  Queen  
  157  10:06  Spore Crawler  
  159  10:13  Mutalisk x2  
  163  10:16  Overlord x2  
  163  10:17  Zergling x14  
  167  10:22  Spore Crawler x3  
  167  10:24  Mutalisk x2  
  156  10:29  Overlord  
  156  10:35  Zerg Flyer Weapons Level 1, Mutalisk x2  
  153  10:38  Zergling x4  
  153  10:40  Mutalisk  
  161  10:46  Mutalisk  
  163  10:55  Mutalisk  
  163  10:56  Mutalisk  
  167  11:01  Hatchery  
  166  11:05  Overlord  
  166  11:08  Mutalisk x3  
  172  11:16  Mutalisk  
  174  11:21  Mutalisk x2  
  178  11:26  Mutalisk  
  180  11:33  Drone x4  
  180  11:34  Zergling x26  
  197  11:40  Mutalisk  
  199  11:52  Extractor x2  
  181  12:06  Drone  
  181  12:07  Drone x4, Infestation Pit  
  181  12:08  Centrifugal Hooks, Zerg Melee Weapons Level 2  
  175  12:10  Drone x3  
  178  12:18  Zergling x20  
  178  12:22  Drone x2  
  190  12:26  Drone x4  
  194  12:39  Drone, Hydralisk Den  
  194  12:41  Drone x2  
  194  12:42  Evolution Chamber  
  192  13:03  Hive  
  183  13:08  Zerg Ground Armor Level 1  
  177  13:14  Drone x2  
  177  13:15  Drone  
  177  13:17  Pneumatized Carapace  
  180  13:21  Drone  
  180  13:22  Overseer  
  181  13:31  Overlord  
  179  13:54  Hatchery, Baneling x20  
  176  14:15  Adrenal Glands  
  167  14:18  Ultralisk Cavern  
  167  14:20  Zergling x28  
  167  14:21  Zergling x10  
  168  14:31  Zergling x2, Roach x7  
  162  14:32  Zergling x50, Roach x4  
  162  14:33  Roach  
  200  14:40  Baneling x9  
  200  14:41  Baneling x25  
  190  14:46  Zergling x16, Roach  
  186  14:55  Zergling x4, Roach  
  183  15:05  Chitinous Plating  
  183  15:06  Ultralisk x2  
  183  15:07  Ultralisk, Zergling x4  
  172  15:09  Baneling x5  
  172  15:10  Baneling, Zergling x2  
  172  15:12  Zergling x2  
  172  15:14  Zergling x2, Roach  
  172  15:19  Roach x3  
  172  15:21  Roach  
  169  15:23  Roach  
  169  15:25  Roach  
  169  15:26  Roach  
  169  15:28  Roach  
  160  15:30  Roach  
  160  15:33  Zergling x2, Roach  
  160  15:34  Zergling x2  
  160  15:35  Zergling x2  
  143  15:39  Roach  
  143  15:40  Roach  
  138  15:42  Roach  
  138  15:43  Zergling x2  
  138  15:45  Roach  
  139  15:58  Ultralisk  
  139  15:59  Zergling x2  
  139  16:00  Zergling x2  
  139  16:04  Zergling x4  
  148  16:05  Zergling x2  
  148  16:08  Zergling x2  
  148  16:22  Zergling x6, Spore Crawler  
  148  16:23  Spore Crawler  
  148  16:24  Zergling x2, Anabolic Synthesis  
  150  16:27  Zergling x4  
  150  16:29  Zergling x2  
  153  16:33  Overlord  
  153  16:39  Overlord x2  
  152  16:48  Overlord  
  152  16:53  Ultralisk  
  151  16:54  Zergling x2  
  151  16:58  Zergling x14  
  151  16:59  Zergling x2  
  151  17:01  Zergling x2  
  151  17:03  Zergling x2  
  151  17:04  Zergling x4  
  147  17:09  Zergling x2  
  147  17:11  Zergling x4  
  147  17:13  Zergling x2  
Show
View Real Time Build Order
Export as new Build Order

Solar Zerg 

Build Orders: Hatch First 

Get SALT Encoding   

  12  0:01  Drone  
  13  0:12  Overlord  
  13  0:17  Drone  
  14  0:30  Drone  
  14  0:31  Drone  
  16  0:47  Hatchery  
  15  0:51  Drone  
  15  0:54  Drone  
  17  0:57  Drone  
  18  1:09  Extractor  
  17  1:13  Spawning Pool  
  17  1:16  Drone  
  17  1:19  Drone  
  18  1:27  Drone  
  19  1:39  Drone  
  20  1:57  Drone  
  20  1:59  Queen  
  20  2:00  Zergling x2, Queen  
  20  2:01  Overlord  
  26  2:11  Metabolic Boost, Drone x2  
  28  2:21  Drone x2  
  30  2:34  Hatchery  
  30  2:36  Drone  
  30  2:38  Drone  
  31  2:45  Queen  
  31  2:51  Baneling Nest  
  32  2:55  Overlord  
  32  2:58  Drone  
  33  2:59  Zergling x2  
  33  3:03  Drone  
  33  3:05  Drone  
  36  3:14  Drone x3  
  36  3:15  Zergling x4  
  36  3:17  Drone  
  41  3:20  Zergling x2  
  42  3:28  Evolution Chamber, Overlord  
  42  3:32  Overlord  
  41  3:34  Drone  
  42  3:46  Zergling x2  
  42  3:47  Drone x5  
  48  3:53  Drone x2  
  48  3:54  Zerg Missile Weapons Level 1  
  48  3:55  Overlord  
  50  3:58  Zergling x2  
  50  3:59  Drone  
  50  4:01  Drone  
  53  4:07  Baneling  
  53  4:14  Roach Warren  
  53  4:15  Zergling x6  
  55  4:18  Drone x3, Baneling x2  
  55  4:22  Drone  
  55  4:23  Zergling x4  
  61  4:27  Zergling x4  
  61  4:30  Zergling x4  
  64  4:36  Queen  
  63  4:38  Zergling x6  
  63  4:41  Queen  
  63  4:42  Zergling x2  
  62  4:47  Zergling x6  
  62  4:48  Zergling x2  
  62  4:50  Zergling x4  
  65  4:53  Zergling x4  
  65  4:58  Baneling  
  65  4:59  Roach x2  
  66  5:06  Zergling x6  
  61  5:15  Roach x2  
  61  5:19  Roach x2  
  59  5:23  Queen  
  59  5:24  Baneling  
  59  5:27  Zergling x2  
  59  5:30  Zergling x4  
  59  5:34  Zergling x4  
  59  5:35  Extractor  
  59  5:38  Baneling  
  59  5:41  Queen  
  61  5:45  Baneling  
  61  5:48  Zergling x4, Extractor  
  62  5:50  Drone, Baneling  
  62  5:51  Queen  
  64  5:59  Drone  
  64  6:00  Drone x2  
  67  6:05  Drone x2  
  67  6:07  Overlord  
  69  6:12  Lair  
  69  6:13  Drone  
  69  6:16  Drone  
  69  6:18  Drone  
  72  6:25  Drone  
  72  6:26  Drone  
  72  6:29  Drone  
  72  6:31  Extractor  
  74  6:36  Roach x2  
  74  6:38  Drone x2  
  74  6:39  Overlord  
  80  6:41  Drone  
  80  6:47  Drone  
  80  6:50  Overlord  
  81  6:54  Overlord  
  81  6:57  Overlord  
  81  6:58  Drone  
  81  6:59  Drone  
  81  7:01  Drone  
  83  7:03  Roach x2  
  83  7:04  Drone x2  
  89  7:12  Spire, Glial Reconstitution, Extractor  
  89  7:13  Overseer  
  89  7:14  Roach x3  
  93  7:17  Roach x2  
  93  7:21  Extractor  
  93  7:22  Overlord  
  96  7:28  Drone x5  
  101  7:32  Drone x2  
  101  7:33  Overseer  
  101  7:34  Overlord  
  101  7:36  Drone  
  104  7:37  Drone  
  104  7:38  Drone  
  104  7:41  Overlord  
  107  7:44  Drone  
  107  7:47  Overlord  
  107  7:52  Overlord  
  107  7:53  Drone  
  107  7:55  Roach x3  
  114  7:58  Overlord  
  114  8:04  Roach x2  
  118  8:08  Roach x2  
  118  8:10  Roach x4  
  131  8:13  Roach  
  131  8:17  Roach x2  
  135  8:20  Roach  
  135  8:25  Mutalisk x3  
  135  8:26  Mutalisk  
  145  8:33  Mutalisk x2  
  149  8:40  Zerg Missile Weapons Level 2  
  148  8:46  Hatchery  
  146  8:50  Roach x3  
  146  8:54  Mutalisk  
  154  8:55  Overlord  
  154  8:56  Overlord  
  154  8:59  Overlord  
  154  9:00  Overlord  
  153  9:07  Overlord  
  151  9:13  Corruptor x2, Spore Crawler  
  154  9:17  Corruptor  
  154  9:21  Corruptor x2  
  160  9:25  Corruptor  
  162  9:32  Corruptor  
  162  9:35  Spore Crawler  
  162  9:37  Corruptor  
  161  9:42  Corruptor, Spore Crawler  
  155  9:48  Corruptor, Spore Crawler  
  155  9:50  Overlord  
  156  9:58  Corruptor  
  156  9:59  Overlord  
  158  10:06  Zergling x6  
  158  10:07  Zergling x2, Evolution Chamber  
  162  10:12  Corruptor x2  
  166  10:20  Corruptor  
  168  10:27  Drone  
  168  10:28  Drone x2  
  171  10:36  Infestation Pit  
  171  10:39  Drone x2  
  171  10:41  Drone  
  171  10:42  Spawning Pool  
  172  10:48  Drone  
  173  10:50  Drone  
  173  10:55  Drone  
  172  10:59  Overlord  
  172  11:05  Overlord  
  172  11:09  Extractor  
  172  11:10  Extractor  
  170  11:11  Infestor x2  
  170  11:12  Infestor x2  
  170  11:14  Drone  
  170  11:15  Drone  
  180  11:23  Overlord  
  180  11:30  Spore Crawler  
  180  11:32  Spore Crawler  
  178  11:33  Hive, Roach x3, Spore Crawler  
  178  11:34  Roach x2  
  178  11:36  Drone  
  178  11:39  Spore Crawler  
  189  11:47  Infestor  
  189  11:48  Spore Crawler  
  189  11:49  Drone  
  180  12:08  Infestor  
  158  12:11  Overlord  
  158  12:15  Queen x2  
  152  12:21  Spore Crawler  
  152  12:29  Roach x4, Spore Crawler  
  159  12:38  Roach x3  
  159  12:39  Zerg Ground Armor Level 1  
  159  12:42  Hydralisk Den  
  164  12:45  Viper x2  
  164  12:51  Queen  
  170  12:52  Roach x3  
  178  12:59  Hatchery  
  174  13:07  Viper  
  177  13:14  Overlord x2  
  177  13:19  Overlord  
  177  13:20  Overlord  
  177  13:21  Grooved Spines  
  177  13:23  Overlord  
  177  13:26  Overlord  
  177  13:28  Spore Crawler  
  177  13:29  Overlord  
  176  13:34  Hydralisk x5  
  186  13:49  Hydralisk x4  
  182  14:05  Hydralisk  
  182  14:06  Hydralisk  
  182  14:09  Hatchery  
  185  14:17  Roach x4  
  185  14:32  Ravager x2  
  185  14:33  Ravager  
  188  14:44  Roach x3  
  188  14:48  Roach  
  186  14:54  Roach x2  
  188  15:06  Hydralisk x2  
  174  15:15  Roach x2  
  174  15:19  Roach  
  160  15:33  Roach x5  
  129  15:37  Roach  
  129  15:38  Roach  
  123  15:49  Roach x3  
  120  15:50  Ravager  
  120  15:59  Hatchery, Roach  
  121  16:05  Lurker Den  
  121  16:06  Roach  
  121  16:07  Roach  
  121  16:11  Hydralisk  
  124  16:12  Roach  
  124  16:14  Roach  
  129  16:21  Roach, Extractor x2  
  129  16:22  Roach x2  
  133  16:30  Roach x4  
  141  16:35  Roach x2  
  141  16:39  Roach x2  
  149  16:54  Roach x2  
  126  17:01  Roach  
  126  17:02  Roach  
  126  17:04  Roach x4  
  126  17:07  Roach x2  
Tags
 
Add a new tag
Caveats
  • Supply blocks, unpowered buildings, or Contaminate may cause inaccurate times.
  • Supply counts are checked every 10 seconds.